 Dungeon Crawl Stone Soup version 0.25.0-11-g1f837a76a1 (webtiles) character file.

Game seed: 10176361525410707283

271 xccam the Chopper (level 6, -4/35 HPs)
             Began as a Tengu Warper on June 26, 2020.
             Slain by a scorpion (9 damage)
             ... on level 4 of the Dungeon.
             The game lasted 00:03:10 (4508 turns).

xccam the Chopper (Tengu Warper)                    Turns: 4508, Time: 00:03:12

Health: -4/35      AC:  3    Str: 14    XL:     6   Next: 23%
Magic:  9/9        EV: 13    Int: 15    God:
Gold:   120        SH:  0    Dex: 13    Spells: 9/9 levels left

rFire    . . .     SeeInvis .   a - +0 hand axe
rCold    . . .     Gourm    .   (no shield)
rNeg     . . .     Faith    .   b - +0 leather armour
rPois    .         Spirit   .   (helmet restricted)
rElec    .         Reflect  .   (no cloak)
rCorr    .         Harm     .   (no gloves)
MR       .....     Clarity  +   (boots unavailable)
Stlth    +.........             (no amulet)
HPRegen  0.11/turn              (no ring)
MPRegen  0.11/turn              (no ring)

@: lethally poisoned (-4 -> -35)
A: beak, talons 3, clarity, clever 1, low mp 1, able to fly
a: Fly


You were on level 4 of the Dungeon.
You were not hungry.

You visited 1 branch of the dungeon, and saw 4 of its levels.

You collected 120 gold pieces.

Inventory:

Hand Weapons
 a - a +0 hand axe (weapon)
Missiles
 e - 2 boomerangs of dispersal (quivered)
 i - 11 boomerangs
Armour
 b - a +0 leather armour (worn)
Scrolls
 c - 2 scrolls of remove curse {unknown}
 d - 4 scrolls of blinking
 h - a scroll of fog {unknown}
 k - 3 scrolls of identify {unknown}
 m - a scroll of enchant armour {unknown}
 n - a scroll of enchant weapon {unknown}
 o - a scroll of fear {unknown}
 q - a scroll of teleportation {unknown}
 r - a scroll of immolation {unknown}
 s - 2 scrolls of random uselessness {unknown}
 t - a scroll of magic mapping {unknown}
Comestibles
 f - 8 rations


   Skills:
 - Level 2.0 Fighting
 + Level 6.3 Axes
 - Level 1.0 Throwing
 + Level 2.2 Armour
 + Level 3.0 Dodging
 - Level 2.0 Spellcasting
   Level 2.4 Translocations


You had 9 spell levels left.
You didn't know any spells.
Your spell library contained the following spells:

 Spells                   Type           Power        Failure   Level  Hunger
 Blink                    Tloc           N/A          16%         2    ###....
 Shroud of Golubria       Chrm/Tloc      #.....       26%         2    ###....
 Gell's Gravitas          Tloc           #.........   30%         3    ###....
 Lesser Beckoning         Tloc           #.........   30%         3    ###....
 Teleport Other           Tloc           #.......     30%         3    ###....
 Passage of Golubria      Tloc           N/A          71%         4    #####..


Dungeon Overview and Level Annotations

Branches:
Dungeon (4/15)
 Temple: D:4-7

Altars:


Innate Abilities, Weirdness & Mutations

You have a beak for a mouth.
You have claws for feet.
You can fly continuously.
You possess an exceptional clarity of mind.
Your mind is acute. (Int +2)
Your magical capacity is low. (-10% MP)


Message History

You hit the scorpion.
The scorpion is heavily wounded.
* * * LOW HITPOINT WARNING * * *
You feel sick. The scorpion stings you!
* * * LOW HITPOINT WARNING * * *
You are more poisoned.
The scorpion poisons you!
It was a potion of mutation.
You feel extremely strange.
You feel clever.
You feel less energetic.
Your thoughts seem clearer.
* * * LOW HITPOINT WARNING * * *
You feel very sick. The scorpion closely misses you.
It was a potion of cancellation.
Your magical effects are unravelling.
You feel magically purged.
You feel less invigorated.
You feel less confused.
* * * LOW HITPOINT WARNING * * *
You feel very sick. The scorpion stings you!
You die...

#.#.# #.#.# . . #.#
#.#.# #.# #.# #.#.# #.#
#.# ###.#.# #.#.##.#
......# #.# #.#.#
###...##.# #..#
###...#.## ##.#######.
.........## ##..@s......
##...####.###.#########.
#.........#......#
....#######.#####.#
.#..# ### .... .... ..
..


You could see a scorpion.

Vanquished Creatures
  Blork the orc (D:4)
  2 orc priests (D:3)
  Jessica (D:2)
  4 adders
  A gnoll (D:3)
  An ooze (D:2)
  An adder skeleton (D:4)
  A dart slug (D:2)
  3 worms
  3 leopard geckos
  2 orcs (D:3)
  4 ball pythons
  A giant cockroach (D:3)
  7 goblins
  8 hobgoblins
  3 jackals (D:1)
  5 kobolds
  3 bats (D:1)
  A frilled lizard (D:3)
  7 rats
59 creatures vanquished.

Notes
Turn   | Place    | Note
-------+----------+-------------------------------------------
     0 | D:1      | xccam the Tengu Warper began the quest for the Orb.
     0 | D:1      | Reached XP level 1. HP: 12/12 MP: 4/4
    80 | D:1      | Reached skill level 3 in Axes
    80 | D:1      | Reached XP level 2. HP: 6/17 MP: 6/6
   565 | D:1      | You fall into a shaft and drop 1 floor!
   734 | D:2      | Noticed Jessica
   738 | D:2      | Killed Jessica
   738 | D:2      | Reached skill level 4 in Axes
   738 | D:2      | Reached XP level 3. HP: 21/21 MP: 7/7
  1623 | D:2      | Reached XP level 4. HP: 18/26 MP: 8/8
  2120 | D:2      | Reached skill level 5 in Axes
  3085 | D:3      | Gained mutation: You can fly continuously. [Tengu growth]
  3085 | D:3      | Reached XP level 5. HP: 23/30 MP: 9/9
  3698 | D:3      | Reached skill level 6 in Axes
  4093 | D:4      | Noticed Blork the orc
  4136 | D:4      | HP: 1/30 [Blork the orc/+2 long sword of holy wrath (8)]
  4138 | D:4      | Killed Blork the orc
  4138 | D:4      | Reached XP level 6. HP: 1/35 MP: 10/10
  4507 | D:4      | Gained mutation: Your mind is acute. (Int +2) [potion of
                  | mutation]
  4507 | D:4      | Gained mutation: Your magical capacity is low. (-10% MP)
                  | [potion of mutation]
  4507 | D:4      | Gained mutation: You possess an exceptional clarity of
                  | mind. [potion of mutation]
  4508 | D:4      | Slain by a scorpion

Illustrated notes

Levels and vault maps discovered:
D:1:      enne_arrival_octagon_isle, layout_basic
D:2:      layout_loops_ring, uniq_jessica
D:3:      layout_loops_ring, first_ration
D:4:      layout_loops_ring, xom_teletrap_fun, uniq_menkaure, uniq_blork_the_orc

Skill      XL: |  1  2  3  4  5 |
---------------+----------------+-----
Axes           | 3 4 5 6 |  6.3
Armour         | 2 |  2.2
Dodging        | 3 |  3.0
Fighting       | |  2.0
Throwing       | |  1.0
Spellcasting   | |  2.0
Translocations | |  2.4

Action                   |  1- 3 |  4- 6 || total
-------------------------+-------+-------++-------
Melee: Hand axe          |    59 |   112 ||   171
       Kick              |    13 |    23 ||    36
       Peck              |     7 |    15 ||    22
Throw: Boomerang         |       |     3 ||     3
  Use: Potion            |       |     7 ||     7
 Stab: Invisible         |       |     1 ||     1
  Eat: Chunk             |     2 |     7 ||     9
       Ration            |       |     1 ||     1
Armor: Leather armour    |    10 |    16 ||    26
Dodge: Dodged            |    39 |    59 ||    98
